 Dungeon Crawl Stone Soup version 0.29-a0-541-gaf1fc19f1b (webtiles) character file.

Game seed: 12027936202153672885

59780 siradein the Protected (level 15, -4/137 HPs)
             Began as a Meteoran Chaos Knight on June 3, 2022.
             Was a Plaything of Xom.
             Slain by Agnes
             ... wielding a +2 lajatang of electrocution
              (22 damage)
             ... on level 14 of the Dungeon.
             The game lasted 01:33:04 (9821 turns).

siradein the Protected (Meteoran Chaos Knight)      Turns: 9821, Time: 01:33:05

Health: -4/137     AC: 42    Str: 20    XL:     15   Next: 80%
Magic:  25/25      EV: 26    Int: 23    God:    Xom [*.....]
Gold:   1217       SH: 10    Dex: 24    Spells: 14/14 levels left

rFire   + . .      SeeInvis +   u - +12 eveningstar of the Orcish Mines {freeze, Dex+4 SInv Stlth+}
rCold   . . .      Faith    .   t - +2 buckler
rNeg    + . .      Spirit   .   W - +8 orange crystal plate armour {Archmagi, Int+3 Clar}
rPois   +          Reflect  .   B - +1 helmet "Yzariutt" {rElec rC- Int+7 SInv}
rElec   +          Harm     .   L - +0 cloak
rCorr   +          Rampage  .   R - +5 pair of gloves of the Constellations {Will+ Dex+3}
Will    ++++.      Archmagi +   (no boots)
Stlth   .......... Clarity  +   Z - amulet "Yqaegheu" {Acrobat +Blink rC+ rCorr}
HPRegen 0.32/turn               V - ring of Satisfaction {rF+ rN+ MP+9}
MPRegen 0.19/turn               s - ring of poison resistance

@: lethally poisoned (-4 -> -11), acrobatic, glowing, studying Stealth, unable
to read
A: sense surroundings 2, otherworldly, glowing, explore regen, deterioration 1,
strong-willed 2, electricity resistance, inability to read while threatened
a: Renounce Religion, Evoke Blink


You were on level 14 of the Dungeon.
You worshipped Xom.
You were a special plaything of Xom.
You visited 2 branches of the dungeon, and saw 20 of its levels.
You also visited: Sewer and Gauntlet.

You collected 1307 gold pieces.
You spent 90 gold pieces at shops.

Inventory:

Hand Weapons
 u - the +12 eveningstar of the Orcish Mines (weapon) {freeze, Dex+4 SInv Stlth+}
   (You acquired it on level 12 of the Dungeon)

   It freezes those it strikes, dealing additional cold damage.
   It can also slow down cold-blooded creatures.
   Dex:       It affects your dexterity (+4).
   SInv:      It lets you see invisible.
   Stlth:     It makes you more stealthy.
 U - the +7 Singing Sword {vorpal, sonic wave}
   (You took it off a minotaur in a Gauntlet)

   It inflicts extra damage upon your enemies.
   It radiates damaging sonic waves as it strikes, especially in combat
   involving dangerous or numerous foes.
Missiles
 h - 11 curare-tipped darts
 D - a throwing net
Armour
 t - a +2 buckler (worn)
 B - the +1 helmet "Yzariutt" (worn) {rElec rC- Int+7 SInv}
   (You found it in a Gauntlet)

   Int:       It affects your intelligence (+7).
   rC:        It makes you vulnerable to cold.
   rElec:     It insulates you from electricity.
   SInv:      It lets you see invisible.
 L - a +0 cloak (worn)
 R - the +5 pair of gloves of the Constellations (worn) {Will+ Dex+3}
   (You found it in a Gauntlet)

   Dex:       It affects your dexterity (+3).
   Will:      It increases your willpower.
 W - the +8 orange crystal plate armour (worn) {Archmagi, Int+3 Clar}
   (You found it on level 4 of the Lair of Beasts)

   Int:       It affects your intelligence (+3).
   Clar:      It protects you against confusion.
Jewellery
 j - a +6 ring of dexterity
 s - a ring of poison resistance (right hand)
 G - a ring of positive energy
 M - a ring of flight
 V - the ring of Satisfaction (left hand) {rF+ rN+ MP+9}
   (You found it on level 4 of the Lair of Beasts)

   [ring of positive energy]

   rF:        It protects you from fire.
   rN:        It protects you from negative energy.
   MP:        It affects your magic capacity (+9).
 Z - the amulet "Yqaegheu" (around neck) {Acrobat +Blink rC+ rCorr}
   (You found it on level 6 of the Lair of Beasts)

   [amulet of the acrobat]

   It increases your evasion while moving and waiting.
   rC:        It protects you from cold.
   +Blink:    It lets you blink.
   rCorr:     It protects you from acid and corrosion.
Wands
 f - a wand of acid (8)
 n - a wand of charming (13)
 v - a wand of iceblast (5)
 x - a wand of flame (36)
 A - a wand of mindburst (3)
 C - a wand of digging (4)
 I - a wand of polymorph (7)
 O - a wand of paralysis (12)
Scrolls
 d - a scroll of enchant armour
 e - 8 scrolls of fog
 g - 8 scrolls of teleportation
 l - 3 scrolls of amnesia
 o - 3 scrolls of poison
 q - 9 scrolls of blinking
 r - 4 scrolls of fear
 y - 5 scrolls of magic mapping
 E - 4 scrolls of enchant weapon {unknown}
 F - a scroll of immolation
 K - a scroll of summoning
 N - a scroll of silence {unknown}
 P - a scroll of noise {unknown}
 S - a scroll of identify
 T - a scroll of torment {unknown}
Potions
 a - 3 potions of ambrosia
 b - a potion of flight
 i - 13 potions of curing
 k - 4 potions of lignification
 m - 2 potions of cancellation
 p - 3 potions of invisibility {unknown}
 w - 2 potions of haste {unknown}
 z - 5 potions of degeneration {unknown}
 H - 5 potions of heal wounds {unknown}
 J - a potion of might {unknown}
 Q - 2 potions of brilliance {unknown}
Miscellaneous
 c - a piece from Xom's chessboard (15/15) (quivered)


   Skills:
 + Level 13.6 Fighting
 + Level 9.2 Long Blades
 + Level 12.9 Maces & Flails
 + Level 14.5 Armour
 + Level 14.4 Dodging
 + Level 11.9 Shields


You had 14 spell levels left.
You didn't know any spells.
Your spell library contained the following spells:

 Spells                   Type           Power      Damage    Failure   Level
 Sting                    Tmut/Pois      0%         1d3       100%        1
 Ensorcelled Hibernation  Hex/Ice        0%         N/A       100%        2
 Passwall                 Tmut/Erth      0%         N/A       100%        2
 Poisonous Vapours        Pois/Air       0%         N/A       100%        2
 Static Discharge         Conj/Air       0%         N/A       100%        2
 Ignite Poison            Fire/Tmut/Pois 0%         N/A       100%        3
 Swiftness                Air            0%         N/A       100%        3
 Anguish                  Hex/Necr       0%         N/A       100%        4
 Animate Dead             Necr           0%         N/A       100%        4
 Cause Fear               Hex            0%         N/A       100%        4
 Dispel Undead            Necr           0%         3d6       100%        4
 Ice Form                 Ice/Tmut       0%         N/A       100%        4
 Olgreb's Toxic Radiance  Pois           0%         N/A       100%        4
 Petrify                  Tmut/Erth      0%         N/A       100%        4
 Sticky Flame             Conj/Fire      0%         2d3       100%        4
 Borgnjor's Vile Clutch   Necr/Erth      0%         N/A       100%        5
 Irradiate                Conj/Tmut      0%         3d13      100%        5
 Death Channel            Necr           0%         N/A       100%        6
 Dragon Form              Tmut           0%         N/A       100%        7
 Enfeeble                 Hex            0%         N/A       100%        7
 Dragon's Call            Summ           0%         N/A       100%        9


Dungeon Overview and Level Annotations

Branches:
Dungeon (15/15)            Temple (0/1) D:6            Lair (6/6) D:11
 Shoals (0/4) Lair:2        Snake (0/4) Lair:3        Slime (0/5) Lair:5
    Orc (0/2) D:11         Depths (0/4) D:15          Sewer (visited)
Gauntlet (visited)
 Vaults: D:13-14

Altars:
Cheibriados
Dithmenos
Fedhas
Hepliaklqana
Nemelex Xobeh
Ru
Uskayaw
Xom
Zin
Jiyva

Shops:
D:7 ((

Annotations:
D:11 2 transporters
D:14 Agnes, Nessos
Lair:4 1 transporter


Innate Abilities, Weirdness & Mutations

You passively map the area around you.
You are easily found by Zot.
You glow in the dark.
You regain HP and MP as you explore.
Your body sometimes deteriorates upon taking damage.
You are highly strong-willed. (Will++)
You are resistant to electric shocks. (rElec)
You sometimes lose the ability to read scrolls when taking damage.


Message History

You are poisoned.
Agnes hits you with a +2 lajatang of electrocution!
Nessos shoots an arrow.
The arrow hits you but does no damage.
You barely miss Agnes.
You feel very sick.
Nessos intently looks at you, slowly moving their tail.
Nessos shoots an arrow.
The arrow hits you! The arrow burns you.
You are more poisoned.
Agnes hits you with a +2 lajatang of electrocution.
Nessos gestures wildly while chanting.
Nessos blinks!
Agnes hits you with a +2 lajatang of electrocution!!
You feel threatened and lose the ability to read scrolls!
You barely miss Agnes.
You feel very sick.
Nessos shoots an arrow.
You block the arrow. Agnes hits you but does no damage.
Nessos shoots an arrow.
The arrow hits you!
You completely miss Agnes.
You feel very sick.
Agnes hits you with a +2 lajatang of electrocution!
* * * LOW HITPOINT WARNING * * *
Nessos shoots an arrow.
The arrow hits you but does no damage. Agnes closely misses you.
You completely miss Agnes.
You feel very sick.
Nessos shoots an arrow.
You block the arrow. Agnes hits you but does no damage.
Nessos intently looks at you, slowly moving their tail.
Nessos casts a spell.
Nessos blinks!
Agnes hits you with a +2 lajatang of electrocution!
* * * LOW HITPOINT WARNING * * *
Agnes attacks as you move away! Agnes hits you but does no damage.
You feel very sick.
Nessos unwields a +2 longbow of flaming.
It stops flaming.
You block Nessos's attack. Nessos kicks you but does no damage.
You block Nessos's attack. Nessos completely misses you.
Agnes hits you with a +2 lajatang of electrocution!!
You die...
Xom guffaws!

* #######
.......### *
..ยง...c@.#
*, , *
.......#i# ,
, ,
.......#.#
,,
.......#..#
, *
,.......##.#
,,, * ,
....... .. ,
<, ,[......
*#.# , , ,
,, .......
.# ,, .. ,


You could see Agnes and Nessos (fast).

Vanquished Creatures
  A minotaur (Gauntlet)
  3 hydras
  5 boulder beetles
  Erica (D:8)
  A centaur warrior (D:12)
  3 two-headed ogres
  9 death yaks
  2 wizards (Gauntlet)
  A mana viper (Lair:5)
  An oklob plant (Gauntlet)
  2 wolf spiders (Lair:6)
  A cyclops (D:11)
  An ugly thing (D:12)
  A manticore (D:10)
  3 elephants (Lair:6)
  A guardian serpent (Lair:6)
  5 black mambas
  A gargoyle (D:11)
  A torpor snail (Lair:6)
  Joseph (D:9)
  19 cane toads
  2 rime drakes
  9 komodo dragons
  2 unseen horrors
  A meliai (D:9)
  6 trolls
  3 hornets
  12 polar bears
  Grinder (D:4)
  3 raiju (Lair:6)
  5 dream sheep (Lair:4)
  6 blink frogs
  Sigmund (D:4)
  A vampire (D:10)
  A shadow (D:10)
  16 wyverns
  3 water elementals (D:11)
  28 yaks
  6 basilisks
  A steam dragon (D:8)
  A vampire mosquito (D:10)
  2 redbacks (Lair:6)
  4 wargs (Lair:6)
  2 nagas (Lair:3)
  3 acid dragons
  14 hell hounds (Lair:6)
  23 water moccasins
  An ice beast (D:5)
  3 sky beasts
  2 orc warriors
  11 black bears
  3 ogres
  5 centaurs
  25 wolves
  12 bullfrogs
  6 kobold brigands
  4 scorpions
  3 necrophages
  A gnoll sergeant (D:10)
  5 wights (D:7)
  21 killer bees
  12 howler monkeys
  6 electric eels
  A quasit (Gauntlet)
  2 orc priests
  7 hounds
  10 orc wizards
  9 gnolls
  14 adders
  3 river rats
  2 shadow imps
  2 white imps (Gauntlet)
  An ufetubus (D:7)
  2 worms
  A dart slug (D:2)
  24 orcs
  8 ball pythons
  5 endoplasms
  5 giant cockroaches
  5 goblins
  8 hobgoblins
  4 jackals
  4 quokkas
  3 bats
  17 frilled lizards
  25 kobolds
  11 rats
  A spectral kobold (D:1)
  A bush (Lair:6)
514 creatures vanquished.

Vanquished Creatures (collateral kills)
  Maggie (D:6)
  Edmund (D:5)
  2 black bears
  An ice beast (D:6)
  A kobold brigand (D:6)
  A scorpion (D:6)
  A hound (D:6)
  2 iguanas
  An orc wizard (D:6)
  2 adders (D:6)
  An orc (D:6)
  3 kobolds (D:6)
17 creatures vanquished.

Vanquished Creatures (others)
  A dancing weapon (D:10)
  An orc wizard (D:6)
  An orc (D:8)
  63 fungi
  110 plants
176 creatures vanquished.

Grand Total: 707 creatures vanquished

Notes
Turn   | Place    | Note
-------+----------+-------------------------------------------
     0 | D:1      | siradein the Meteoran Chaos Knight began the quest for the
                  | Orb.
     0 | D:1      | Reached XP level 1. HP: 19/19 MP: 2/2
    43 | D:1      | XOM: silly message
    74 | D:1      | Reached XP level 2. HP: 24/26 MP: 3/3
   121 | D:1      | Found a faded altar of an unknown god.
   350 | D:1      | XOM: silly message
   422 | D:2      | XOM: give mutations
   422 | D:2      | Gained mutation: You are partially covered in iridescent
                  | scales. (AC +2) [Xom's grace]
   422 | D:2      | Gained mutation: You are covered in fur. (AC +1) [Xom's
                  | grace]
   432 | D:2      | Reached XP level 3. HP: 31/31 MP: 4/4
   442 | D:2      | XOM: divination: detect items
   786 | D:2      | XOM: 1-stop teleportation journey
   815 | D:2      | Reached XP level 4. HP: 40/40 MP: 5/5
  1156 | D:3      | Found Zin's Purification Station.
  1158 | D:3      | Found a glowing silver altar of Zin.
  1164 | D:3      | Bought a potion of curing for 90 gold pieces
  1207 | D:3      | XOM: god gift: Xom's Catalogue of the Extremes {god gift}
  1208 | D:3      | Got Xom's Catalogue of the Extremes {god gift}
  1258 | D:3      | XOM: scenery: create altars
  1262 | D:3      | Reached XP level 5. HP: 34/46 MP: 6/6
  1438 | D:3      | Noticed a sky beast
  1446 | D:3      | XOM: summons friendly crimson imp
  1450 | D:3      | Killed a sky beast
  1451 | D:3      | Reached skill level 5 in Maces & Flails
  1451 | D:3      | Reached XP level 6. HP: 33/53 MP: 7/7
  1765 | D:4      | Lost mutation: You are covered in fur. (AC +1) [potion of
                  | mutation]
  1765 | D:4      | Lost mutation: You are partially covered in iridescent
                  | scales. (AC +2) [potion of mutation]
  1765 | D:4      | Gained mutation: You are strong-willed. (Will+) [potion of
                  | mutation]
  1765 | D:4      | Gained mutation: You are highly strong-willed. (Will++)
                  | [potion of mutation]
  1830 | D:4      | Reached XP level 7. HP: 43/60 MP: 8/8
  1866 | D:4      | Reached skill level 5 in Fighting
  1943 | D:4      | XOM: scenery: summon butterflies
  1963 | D:4      | Noticed Grinder
  1976 | D:4      | XOM: god gift: wand of acid (7)
  1980 | D:4      | HP: 2/61 [Grinder (5)]
  1982 | D:4      | Killed Grinder
  1983 | D:4      | Reached skill level 5 in Armour
  1983 | D:4      | Reached XP level 8. HP: 3/68 MP: 9/9
  2005 | D:4      | Found a shadowy altar of Dithmenos.
  2014 | D:4      | Noticed Sigmund
  2027 | D:4      | Killed Sigmund
  2028 | D:4      | Reached skill level 5 in Dodging
  2129 | D:4      | Found a sparkling altar of Nemelex Xobeh.
  2260 | D:4      | Glimpsed the power of Zot.
  2289 | D:5      | Entered Level 5 of the Dungeon
  2346 | D:5      | Noticed Edmund
  2354 | D:5      | XOM: summons 8 friendly demons
  2366 | D:5      | Killed Edmund
  2369 | D:5      | Gained mutation: You passively map the area around you.
                  | [Meteoran growth]
  2369 | D:5      | Reached XP level 9. HP: 37/75 MP: 10/10
  2540 | D:5      | Found a glowing drain.
  2548 | Sewer    | Entered a sewer
  2555 | Sewer    | XOM: give mutations
  2555 | Sewer    | Gained mutation: You have large cloven feet. [Xom's grace]
  2555 | Sewer    | Gained mutation: You have hoof-like feet. [Xom's grace]
  3066 | D:6      | Noticed Maggie
  3096 | D:5      | XOM: confuse monster(s)
  3113 | D:6      | Killed Maggie
  3173 | D:6      | Reached XP level 10. HP: 86/86 MP: 11/11
  3301 | D:6      | Found a staircase to the Ecumenical Temple.
  3353 | D:6      | XOM: summons 2 hostile shadow creatures
  3516 | D:7      | Noticed a komodo dragon
  3539 | D:7      | Killed a komodo dragon
  3553 | D:7      | XOM: fake destruction
  3562 | D:7      | Reached skill level 10 in Maces & Flails
  3587 | D:7      | XOM: polymorph steam dragon -> howler monkey
  3616 | D:7      | XOM: 2-stop teleportation journey
  3621 | D:7      | XOM: enchant monster (good)
  3692 | D:7      | Found a blossoming altar of Fedhas.
  3698 | D:7      | Found a sacrificial altar of Ru.
  3793 | D:7      | Reached skill level 1 in Shields
  3800 | D:7      | Found Jealet's Antique Weapon Emporium.
  3998 | D:7      | Found Murchano's Antique Weapon Emporium.
  4036 | D:7      | Found a hide-covered altar of Uskayaw.
  4166 | D:8      | Noticed Erica
  4181 | D:8      | Killed Erica
  4182 | D:8      | Reached XP level 11. HP: 31/95 MP: 12/12
  4407 | D:8      | XOM: fog
  4678 | D:9      | Noticed Joseph
  4682 | D:8      | XOM: swap monsters
  4684 | D:8      | XOM: enchant monster (bad)
  4689 | D:8      | XOM: potion effect (curing)
  4704 | D:8      | XOM: noise
  4754 | D:9      | Killed Joseph
  4839 | D:8      | XOM: smoke on damage
  4862 | D:8      | XOM: enchant monster (good)
  4891 | D:8      | XOM: confuse monster(s)
  4923 | D:9      | XOM: chaos upgrade
  4927 | D:9      | Reached skill level 10 in Armour
  5113 | D:9      | Noticed a boulder beetle
  5134 | D:9      | Killed a boulder beetle
  5135 | D:9      | Reached skill level 10 in Dodging
  5299 | D:10     | Entered Level 10 of the Dungeon
  5316 | D:10     | Found a hazy altar of Hepliaklqana.
  5348 | D:10     | XOM: scenery: 1 doors close
  5357 | D:10     | XOM: potion effect (heal wounds)
  5385 | D:10     | Noticed a two-headed ogre
  5392 | D:10     | Killed a two-headed ogre
  5393 | D:10     | Reached skill level 5 in Shields
  5414 | D:10     | Reached XP level 12. HP: 56/106 MP: 13/13
  5418 | D:10     | Noticed a deep elf pyromancer
  5422 | D:10     | XOM: summons 3 friendly demons
  5433 | D:10     | Reached skill level 10 in Fighting
  5494 | D:10     | XOM: 1-stop teleportation journey
  5513 | D:10     | Found a snail-covered altar of Cheibriados.
  5632 | D:10     | XOM: enchant monster (bad)
  5639 | D:10     | XOM: potion effect (haste)
  5666 | D:10     | XOM: 3-stop teleportation journey
  5674 | D:10     | XOM: noise
  5973 | D:11     | Found a transporter.
  6007 | D:11     | Found a staircase to the Orcish Mines.
  6169 | D:11     | Identified the +0 chain mail of Poor Excuses {Str+4}
  6186 | D:11     | Noticed a two-headed ogre
  6203 | D:11     | Killed a two-headed ogre
  6220 | D:11     | XOM: confuse monster(s)
  6256 | D:11     | Found a transporter.
  6277 | D:11     | XOM: give mutation
  6277 | D:11     | Gained mutation: You sometimes lose the ability to read
                  | scrolls when taking damage. [Xom's mischief]
  6293 | D:11     | Found a staircase to the Lair.
  6469 | Lair:1   | Entered Level 1 of the Lair of Beasts
  6469 | Lair:1   | Found a gate leading to a gauntlet.
  6483 | Gauntlet | Entered a Gauntlet
  6483 | Gauntlet | Found a transporter.
  6483 | Gauntlet | Found a transporter.
  6489 | Gauntlet | Found a transporter.
  6491 | Gauntlet | Found a transporter.
  6491 | Gauntlet | Found a transporter.
  6494 | Gauntlet | Found a transporter.
  6498 | Gauntlet | Noticed a catoblepas
  6514 | Gauntlet | Found a transporter.
  6539 | Gauntlet | Identified the +1 helmet "Yzariutt" {rElec rC- Int+7 SInv}
  6580 | Gauntlet | XOM: give mutations
  6580 | Gauntlet | Gained mutation: Your muscles are strong. (Str +2) [Xom's
                  | mischief]
  6580 | Gauntlet | Gained mutation: You are frail. (-10% HP) [Xom's mischief]
  6580 | Gauntlet | Gained mutation: Your body sometimes deteriorates upon
                  | taking damage. [Xom's mischief]
  6580 | Gauntlet | Lost mutation: Your muscles are strong. (Str +2) [Xom's
                  | mischief]
  6585 | Gauntlet | XOM: summons 4 hostile shadow creatures
  6585 | Gauntlet | Found a transporter.
  6585 | Gauntlet | Found a transporter.
  6586 | Gauntlet | Noticed a death scarab
  6588 | Gauntlet | Found a transporter.
  6589 | Gauntlet | Noticed a wizard
  6589 | Gauntlet | Noticed a wizard
  6596 | Gauntlet | Identified the +5 pair of gloves of the Constellations
                  | {Will+ Dex+3}
  6601 | Gauntlet | Noticed a death drake
  6628 | Gauntlet | Found a transporter.
  6632 | Gauntlet | XOM: polymorph white imp -> quasit
  6637 | Gauntlet | Killed a wizard
  6655 | Gauntlet | Killed a wizard
  6663 | Gauntlet | Noticed a blizzard demon
  6664 | Gauntlet | Found a transporter.
  6664 | Gauntlet | Found a transporter.
  6666 | Gauntlet | Found a transporter.
  6670 | Gauntlet | Identified the amulet of Zyivaow {RegenMP +Inv rC+ rCorr}
  6690 | Gauntlet | Noticed a minotaur
  6691 | Gauntlet | Lost mutation: Your body sometimes deteriorates upon taking
                  | damage. [potion of mutation]
  6691 | Gauntlet | Lost mutation: You have hoof-like feet. [potion of
                  | mutation]
  6691 | Gauntlet | Gained mutation: You are extremely strong-willed. (Will+++)
                  | [potion of mutation]
  6691 | Gauntlet | Gained mutation: You passively dampen the noise of your
                  | surroundings. [potion of mutation]
  6692 | Gauntlet | XOM: enchant monster (good)
  6706 | Gauntlet | Killed a minotaur
  6707 | Gauntlet | Reached XP level 13. HP: 82/103 MP: 14/14
  6848 | Lair:1   | XOM: silly message
  6855 | Lair:1   | Noticed a seven-headed hydra
  6855 | Lair:1   | XOM: summons friendly crimson imp
  6863 | Lair:1   | Killed an 11-headed hydra
  6864 | Lair:1   | Reached skill level 1 in Long Blades
  7083 | Lair:2   | XOM: divination: detect items
  7122 | Lair:2   | XOM: 2-stop teleportation journey
  7311 | Lair:2   | XOM: divination: magic mapping
  7315 | Lair:2   | XOM: confusion
  7336 | Lair:2   | You fall into a shaft and drop 1 floor!
  7349 | Lair:3   | XOM: confuse monster(s)
  7359 | Lair:3   | XOM: scenery: 2 doors open
  7516 | Lair:3   | XOM: confusion
  7561 | Lair:3   | Found a staircase to the Snake Pit.
  7563 | Lair:3   | XOM: 3-stop teleportation journey
  7681 | Lair:3   | XOM: destruction
  7722 | Lair:4   | XOM: divination: detect items
  7764 | Lair:4   | Found a transporter.
  7774 | Lair:4   | XOM: divination: detect creatures
  7794 | Lair:4   | Identified the ring of Satisfaction {rF+ rN+ MP+9}
  7805 | Lair:4   | XOM: god gift: plate armour {god gift}
  7859 | Lair:4   | Found the +8 orange crystal plate armour {Archmagi, Int+3
                  | Clar}
  8010 | Lair:4   | XOM: repel stairs
  8019 | Lair:4   | Reached skill level 5 in Long Blades
  8108 | Lair:5   | XOM: polymorph komodo dragon -> mana viper
  8121 | Lair:5   | Noticed a death yak
  8123 | Lair:5   | Noticed a death yak
  8131 | Lair:5   | Killed a death yak
  8132 | Lair:5   | Reached XP level 14. HP: 98/113 MP: 15/15
  8135 | Lair:5   | XOM: fog
  8398 | Lair:5   | Found a viscous altar of Jiyva.
  8398 | Lair:5   | Found a staircase to the Slime Pits.
  8444 | Lair:6   | Entered Level 6 of the Lair of Beasts
  8444 | Lair:6   | XOM: cleaving
  8497 | Lair:6   | XOM: summons 1 hostile shadow creature
  8573 | Lair:6   | XOM: swap monsters
  8581 | Lair:6   | XOM: enchant monster (bad)
  8584 | Lair:6   | Reached skill level 10 in Shields
  8594 | Lair:6   | Identified the +5 flail of Qeuhus {speed, +Blink rF+}
  8637 | Lair:6   | XOM: give mutations
  8637 | Lair:6   | Lost mutation: You have large cloven feet. [Xom's mischief]
  8637 | Lair:6   | Lost mutation: You are extremely strong-willed. (Will+++)
                  | [Xom's mischief]
  8637 | Lair:6   | Lost mutation: You are frail. (-10% HP) [Xom's mischief]
  8673 | Lair:6   | XOM: give mutation
  8673 | Lair:6   | Gained mutation: Your body sometimes deteriorates upon
                  | taking damage. [Xom's mischief]
  8685 | Lair:6   | XOM: summons 3 hostile demons
  8704 | Lair:6   | XOM: enchant monster (good)
  8766 | Lair:6   | HP: 6/127 [polar bear (8)]
  8766 | Lair:6   | HP: 1/127 [polar bear (5)]
  8787 | Lair:6   | HP: 3/127 [hell hound (3)]
  8805 | Lair:6   | HP: 5/127 [wyvern (6)]
  8864 | Lair:6   | Reached XP level 15. HP: 124/134 MP: 16/16
  8906 | Lair:6   | Identified the +8 scimitar of Destruction {flame, Fly rElec
                  | rPois Str+6}
  8921 | Lair:6   | XOM: 1-stop teleportation journey
  9003 | Lair:6   | Identified the amulet "Yqaegheu" {Acrobat +Blink rC+ rCorr}
  9146 | Lair:6   | XOM: enchant monster (bad)
  9178 | Lair:6   | XOM: summons 8 hostile demons
  9230 | Lair:6   | XOM: give mutations
  9230 | Lair:6   | Gained mutation: Your body often deteriorates upon taking
                  | damage. [Xom's mischief]
  9230 | Lair:6   | Gained mutation: You are resistant to electric shocks.
                  | (rElec) [Xom's mischief]
  9230 | Lair:6   | Lost mutation: You passively dampen the noise of your
                  | surroundings. [Xom's mischief]
  9285 | Lair:6   | XOM: divination: magic mapping
  9298 | Lair:6   | XOM: scenery: create altars
  9347 | Lair:6   | XOM: divination: magic mapping
  9353 | Lair:6   | XOM: divination: detect creatures
  9413 | Lair:6   | XOM: give mutation
  9413 | Lair:6   | Lost mutation: Your body often deteriorates upon taking
                  | damage. [Xom's mischief]
  9627 | D:12     | XOM: summons friendly ufetubus
  9648 | D:12     | XOM: smoke on damage
  9685 | D:12     | XOM: swap monsters
  9712 | D:12     | XOM: potion effect (brilliance)
  9752 | D:12     | Identified a scroll of acquirement
  9753 | D:12     | Acquired the +12 eveningstar of the Orcish Mines {freeze,
                  | Dex+4 SInv Stlth+}
  9771 | D:12     | You fall into a shaft and drop 3 floors!
  9771 | D:15     | Entered Level 15 of the Dungeon
  9803 | D:14     | Noticed Nessos
  9812 | D:14     | XOM: noise
  9812 | D:14     | Noticed Agnes
  9821 | D:14     | Slain by Agnes

Illustrated notes

Levels and vault maps discovered:
D:1:      elethiomel_arrival_infinity_welcomes_careful_drivers,
          layout_loops_ring, dreamdust_ecumenical_altar_drowned_temple
D:2:      layout_basic, kennysheep_cluttered_room
D:3:      layout_loops_ring, zin_purify
D:4:      layout_loops_corners, kennysheep_little_box,
          nicolae_dithmenos_the_darkroom, minmay_checkerbox, uniq_menkaure,
          uniq_sigmund, uniq_grinder
D:5:      layout_rooms, lightli_sewer_entry_pipes, kennysheep_generic_room_14,
          uniq_edmund
D:6:      layout_rooms, temple_fountains, minivault_1, uniq_maggie
D:7:      layout_basic, nicolae_uskayaw_dance_studio,
          mainiacjoe_overflow_large_starburst, serial_aquarium,
          aquarium_bridge_square [aquarium_subvault_bridge,
          aquarium_subvault_balcony, aquarium_subvault_window,
          aquarium_subvault_bridge], aquarium_window_fake, aquarium_window_1,
          aquarium_window_fake, aquarium_window_corridor_2, aquarium_view_2d,
          aquarium_balcony_1a, aquarium_pool_corner, serial_shops,
          nicolae_shop_stone, nicolae_take_the_stairs, minmay_manual_mail
D:8:      layout_gridville, grunt_ogre_cave, uniq_erica
D:9:      layout_rooms, minmay_three_doors, uniq_joseph
D:10:     layout_irregular_city, nicolae_overflow_crystal_walls,
          mainiacjoe_overflow_tiny_flanked, minmay_bent
D:11:     gammafunk_cloud_chamber, layout_cave_pools, erik_lair_island,
          orc_0_dummy, lightli_orcish_oven
D:12:     layout_rooms
D:14:     layout_roguey, minmay_misc_feat_x, minmay_microvault, uniq_agnes,
          uniq_nessos
D:15:     gammafunk_enter_depths_forms, layout_gridville, serial_rivers,
          chequers_serial_rivers_small_a, chequers_serial_rivers_marsh,
          chequers_serial_rivers_micro_e, chequers_serial_rivers_small_3,
          chequers_serial_rivers_small_3, chequers_serial_rivers_micro_c,
          nicolae_hepliaklqana_hazy_memory, serial_shops,
          nicolae_shop_behind_doors, nicolae_sif_muna_condensation, uniq_louise
Lair:1:   layout_hall_layers, gauntlet_entry_generic, disabler_island,
          serial_bayou_shore_b
Lair:2:   layout_regular_city, elwin_shoals_entry_rooms,
          grunt_forest_small_clearings, infiniplex_staircase_pool_2
Lair:3:   layout_roguey, guppyfry_snake_entry_garden
Lair:4:   gammafunk_worm_tunnel, layout_layer_cave
Lair:5:   layout_loops_ring, dpeg_slime_entry_enclosed_altar
Lair:6:   hangedman_lair_tendril_chambers, layout_cave_pods,
          hangedman_lair_caniforms_friends

Skill      XL: |  1  2  3  4  5  6  7  8  9 10 11 12 13 14 15 |
---------------+----------------------------------------------+-----
Armour         | 3 4 5 6 7 9 10 11 12 13 14 | 14.5
Dodging        | 2 3 4 5 7 9 10 11 12 13 14 | 14.4
Fighting       | 4 5 6 7 8 9 10 12 13 | 13.6
Maces & Flails | 5 6 7 9 10 11 12 | 12.9
Shields        | 2 5 7 9 10 11 | 11.9
Long Blades    | 5 7 9 |  9.2

Action                   |  1- 3 |  4- 6 |  7- 9 | 10-12 | 13-15 || total
-------------------------+-------+-------+-------+-------+-------++-------
Melee: Mace              |    98 |    26 |       |       |       ||   124
       Punch             |     1 |       |       |       |       ||     1
       Flail             |       |    70 |   212 |     4 |       ||   286
       Kick              |       |       |    23 |   230 |    94 ||   347
       Morningstar       |       |       |       |   613 |       ||   613
       Double sword      |       |       |       |       |   580 ||   580
       Eveningstar       |       |       |       |       |    20 ||    20
Evoke: Piece from Xom's  |       |       |     1 |     8 |     1 ||    10
       Wand              |       |       |     1 |     9 |     2 ||    12
  Use: Scroll            |       |     6 |       |    12 |     7 ||    25
       Potion            |       |     1 |       |     2 |     1 ||     4
 Stab: Petrified         |       |       |       |     8 |       ||     8
       Confused          |       |       |       |     4 |       ||     4
       Petrifying        |       |       |       |     2 |       ||     2
       Distracted        |       |       |       |       |     1 ||     1
Armor: Leather armour    |    52 |    88 |    26 |       |       ||   166
       Scale mail        |       |       |    38 |       |       ||    38
       Swamp dragon scal |       |       |     1 |    51 |       ||    52
       Troll leather arm |       |       |       |   198 |       ||   198
       Chain mail        |       |       |       |    30 |       ||    30
       Plate armour      |       |       |       |    14 |    92 ||   106
       Crystal plate arm |       |       |       |       |   607 ||   607
Dodge: Dodged            |    56 |    65 |   108 |   533 |   331 ||  1093
Block: Buckler           |       |       |    52 |   330 |   422 ||   804

Table legend: (Time is in decaauts)
 A = Elapsed time spent in this place.
 B = Non-inter-level travel time spent in this place.
 C = Inter-level travel time spent in this place.
 D = Time resting spent in this place.
 E = Time spent auto-exploring this place.
 F = Levels seen in this place.
 G = Mean time per level.
                   A        B        C        D        E       F      G
               +--------+--------+--------+--------+--------+-----+--------+
         Total |  10092 |   9934 |    158 |      6 |    152 |  22 |  458.7 |
       Dungeon |   6481 |   6445 |     36 |      6 |    151 |  14 |  462.9 |
          Lair |   3005 |   2884 |    121 |      0 |      1 |   6 |  500.8 |
         Sewer |    378 |    378 |      0 |      0 |      0 |   1 |  378.0 |
      Gauntlet |    227 |    227 |      0 |      0 |      0 |   1 |  227.0 |
               +--------+--------+--------+--------+--------+-----+--------+

Top non-repeatable levels by time:
  Lair:6: 1074 daAuts
     D:4: 770 daAuts
     D:8: 699 daAuts
     D:7: 660 daAuts
    D:10: 597 daAuts
     D:2: 585 daAuts
    D:11: 580 daAuts
     D:3: 544 daAuts
     D:5: 541 daAuts
     D:9: 466 daAuts
  Lair:5: 428 daAuts
     D:1: 427 daAuts
  Lair:3: 399 daAuts
     D:6: 390 daAuts
  Lair:4: 388 daAuts
